 Dungeon Crawl Stone Soup version 0.28.0 (webtiles) character file.

Game seed: 17961783650846341274

181 MacCMillion the Skirmisher (level 5, -15/48 HPs)
             Began as a Minotaur Fighter on Feb 9, 2022.
             Was an Initiate of Makhleb.
             Demolished by an orc priest (16 damage)
             ... on level 3 of the Dungeon.
             The game lasted 00:02:52 (1657 turns).

MacCMillion the Skirmisher (Minotaur Fighter)       Turns: 1657, Time: 00:02:52

Health: -15/48     AC: 13    Str: 23    XL:     5   Next: 34%
Magic:  4/4        EV:  6    Int:  5    God:    Makhleb [......]
Gold:   108        SH:  4    Dex:  9    Spells: 4/4 levels left

rFire   . . .      SeeInvis .   a - +0 war axe
rCold   . . .      Faith    .   c - +0 buckler
rNeg    + . .      Spirit   .   g - +0 plate armour
rPois   .          Reflect  .   (helmet restricted)
rElec   .          Harm     .   (no cloak)
rCorr   .          Rampage  .   (no gloves)
Will    .....                   h - +0 pair of boots
Stlth   ..........              k - amulet of magic regeneration
HPRegen 0.16/turn               j - ring of positive energy
MPRegen 0.49/turn               (no ring)

@: no status effects
A: horns 2, retaliatory headbutt
a: Renounce Religion


You were on level 3 of the Dungeon.
You worshipped Makhleb.
Makhleb was noncommittal.
You visited 1 branch of the dungeon, and saw 3 of its levels.

You collected 108 gold pieces.

Inventory:

Hand Weapons
 a - a +0 war axe (weapon)
Missiles
 b - 14 poisoned darts (quivered)
 l - 3 boomerangs
Armour
 c - a +0 buckler (worn)
 g - a +0 plate armour (worn)
 h - a +0 pair of boots (worn)
Jewellery
 j - a ring of positive energy (left hand)
 k - an amulet of magic regeneration (around neck)
Scrolls
 e - 4 scrolls of summoning {unknown}
 f - 2 scrolls of identify {unknown}
Potions
 d - a potion of might
 i - a potion of heal wounds {unknown}


   Skills:
 - Level 5.0 Fighting
 + Level 4.5 Axes
 - Level 5.0 Armour
 - Level 4.0 Shields


You had 4 spell levels left.
You didn't know any spells.
Your spell library contained the following spells:

 Spells                   Type           Power      Damage    Failure   Level
 Sandblast                Erth           0%         2d4       100%        1
 Frozen Ramparts          Ice            0%         1d2       100%        3
 Inner Flame              Hex/Fire       0%         N/A       100%        3
 Cause Fear               Hex            0%         N/A       100%        4
 Hailstorm                Conj/Ice       0%         3d3       100%        4
 Freezing Cloud           Conj/Ice/Air   0%         6-21      100%        5
 Discord                  Hex            0%         N/A       100%        8


Dungeon Overview and Level Annotations

Branches:
Dungeon (3/15)

Altars:
Makhleb


Innate Abilities, Weirdness & Mutations

You have a pair of horns on your head.
You reflexively headbutt those who attack you in melee.


Message History

You slash the ball python!
You kill the ball python!
Makhleb accepts your kill.
The orc priest hits you but does no damage.
The orc priest mumbles some strange prayers to Beogh against you.
Pain shoots through your body!
The orc priest invokes the aid of Beogh against you.
Beogh smites you!
* * * LOW HITPOINT WARNING * * *
Unknown command.
You slash the orc priest!
You kill the orc priest!
Makhleb accepts your kill.
You hit the orc. The orc hits you but does no damage.
The orc priest hits you but does no damage.
Space warps horribly around you!
* * * LOW HITPOINT WARNING * * *
Training target 5.0 for Fighting reached!
Training target 5.0 for Armour reached!
Your Fighting skill increases to level 5!
Your Armour skill increases to level 5!
Unknown command.
Unknown command.
Unknown command.
You barely miss the orc priest. Your headbutt misses the orc priest.
You hit the orc.
You kill the orc!
Makhleb accepts your kill.
The orc priest casts a cantrip, but nothing happens.
Unknown command.
You hit the orc priest.
You headbutt the orc priest, but do no damage.
The orc priest is moderately wounded.
You block the orc priest's attack.
Unknown command.
You closely miss the orc priest.
The orc priest is moderately wounded.
The orc priest hits you but does no damage.
Space warps horribly around you!
You die...

#)# .# #...≈≈≈.. #.#
.########†##..### #.#
##oo.....♣P..♣....# #####
#.# #......# ♣♣.≈♣###.#
#...#####.# #.# ♣P≈♣♣ .#
#.#.......# #.# ♣♣≈≈♣ #
#...####### ##.###♣
♣P≈♣♣♣♣♣♣# ##.##
#.))..♣≈♣♣♣..≈♣♣≈≈♣# #.#
#.o@#..≈≈≈..≈.≈≈≈...
#.#######
#...##♣PP≈≈≈.≈≈♣P♣..
#.#.....#
###.##♣♣♣♣♣♣≈≈♣♣♣♣♣.
##.#.###.######...##.##♣P.P♣
#.#
..)..............†....♣♣♣.≈♣
#.. ###)####..........###.♣
P.P♣ ### #..)..##..######.##
♣♣.♣♣ # .....##...# #.# .. #
.8..##....# #.# #


You could see an orc priest.

Vanquished Creatures
  A sky beast (D:3)
  An orc priest (D:3)
  A worm (D:2)
  2 dart slugs
  7 orcs (D:3)
  3 ball pythons
  3 endoplasms
  A giant cockroach (D:1)
  2 goblins (D:3)
  5 hobgoblins
  3 kobolds
  3 quokkas
  4 bats
  8 frilled lizards
  2 rats (D:3)
46 creatures vanquished.

Vanquished Creatures (others)
  18 plants
18 creatures vanquished.

Grand Total: 64 creatures vanquished

Notes
Turn   | Place    | Note
-------+----------+-------------------------------------------
     0 | D:1      | MacCMillion the Minotaur Fighter began the quest for the
                  | Orb.
     0 | D:1      | Reached XP level 1. HP: 19/19 MP: 0/0
   220 | D:1      | Reached XP level 2. HP: 27/27 MP: 1/1
   661 | D:2      | Found a burning altar of Makhleb.
   682 | D:2      | Became a worshipper of Makhleb the Destroyer
  1041 | D:3      | Reached XP level 3. HP: 33/33 MP: 2/2
  1086 | D:3      | Got Ebedec's Handbook of Glacial Clay
  1122 | D:3      | Noticed a sky beast
  1141 | D:3      | Killed a sky beast
  1142 | D:3      | Reached XP level 4. HP: 27/41 MP: 3/3
  1522 | D:3      | Reached XP level 5. HP: 44/47 MP: 4/4
  1654 | D:3      | HP: 1/47 [orc priest (12)]
  1655 | D:3      | Reached skill level 5 in Fighting
  1655 | D:3      | Reached skill level 5 in Armour
  1657 | D:3      | Demolished by an orc priest

Illustrated notes

Levels and vault maps discovered:
D:1:      dpeg_arrival_rooms_a, layout_rooms, minmay_lizard_king
D:2:      layout_basic, basic_altar, supply_closet_lemuel
D:3:      layout_loops_ring, serial_bayou, serial_bayou_crossing,
          serial_bayou_pond_d, serial_bayou_pond_c, serial_bayou_shore_a,
          serial_bayou_pond_c, guppyfry_early_orc_mine

Skill      XL: |  1  2  3  4  5 |
---------------+----------------+-----
Shields        | 4 |  4.0
Fighting       | 4 5 |  5.0
Armour         | 4 5 |  5.0
Axes           | 3 4 |  4.5

Action                   |  1- 3 |  4- 6 || total
-------------------------+-------+-------++-------
Melee: War axe           |    63 |    37 ||   100
       Headbutt          |     7 |     3 ||    10
Armor: Scale mail        |    12 |       ||    12
       Plate armour      |    31 |    30 ||    61
Dodge: Dodged            |    22 |     8 ||    30
Block: Buckler           |    13 |     6 ||    19
